 Dungeon Crawl Stone Soup version 0.21.1-1-g345015f (webtiles) character file.

235 shakethe the Chopper (level 6, 0/37 HPs)
             Began as a Gargoyle Fighter on Feb 15, 2018.
             Slain by an adder (2 damage)
             ... on level 3 of the Dungeon.
             The game lasted 00:02:46 (2113 turns).

shakethe the Chopper (Gargoyle Fighter)             Turns: 2113, Time: 00:02:46

Health: 0/37       AC: 18    Str: 20    XL:     6   Next: 6%
Magic:  6/6        EV:  3    Int: 10    God:
Gold:   48         SH:  9    Dex:  9    Spells: 5/5 levels left

rFire    . . .     SeeInvis .   a - +0 war axe
rCold    . . .     Gourm    .   c - +0 shield
rNeg     + . .     Faith    .   j - +0 plate armour
rPois    ∞         Spirit   .   (no helmet)
rElec    +         Reflect  .   g - +0 cloak
rCorr    .         Harm     .   e - +0 pair of gloves
MR       .....                  (no boots)
Stlth    ..........             (no amulet)
HPRegen  0.12/turn              o - ring of stealth {Stlth+}
MPRegen  0.10/turn              (no ring)

@: no status effects
A: negative energy resistance 1, electricity resistance, unbreathing,
petrification resistance, rot immunity, AC +4
a: no special abilities


You were on level 3 of the Dungeon.
You were hungry.

You visited 1 branch of the dungeon, and saw 3 of its levels.

You collected 48 gold pieces.

Inventory:

Hand Weapons
 a - a +0 war axe (weapon)
Missiles
 t - a throwing net {=f, !d}
Armour
 b - a +0 scale mail
 c - a +0 shield (worn)
 e - a +0 pair of gloves (worn)
   (You found it on level 1 of the Dungeon)
 g - a +0 cloak (worn)
   (You found it on level 1 of the Dungeon)
 j - a +0 plate armour (worn)
   (You found it on level 1 of the Dungeon)
Jewellery
 o - a ring of stealth (left hand) {Stlth+}
   (You found it on level 2 of the Dungeon)
Wands
 p - a wand of clouds (7)
   (You found it on level 2 of the Dungeon)
Scrolls
 h - a scroll of teleportation {unknown}
 i - 2 scrolls of identify {unknown}
 l - a scroll of blinking {unknown}
 s - a scroll of fear {unknown}
Potions
 d - a potion of might
 k - a potion of heal wounds {unknown}
 m - a potion of ambrosia {unknown}
 n - a potion of cancellation {unknown}
 q - a potion of invisibility {unknown}
 r - a potion of agility {unknown}
 u - a potion of curing {unknown}
Comestibles
 f - 6 rations


   Skills:
 - Level 3.2 Fighting
 * Level 4.8 Axes
 + Level 4.7 Armour
 - Level 3.2 Shields


You had 5 spell levels left.
You didn't know any spells.

Dungeon Overview and Level Annotations

Branches:
Dungeon (3/15)

Altars:
Elyvilon
Kikubaaqudgha
Makhleb
Qazlal
Yredelemnul


Innate Abilities, Weirdness & Mutations

You are resistant to torment.
Your stone body is resilient. (AC +4)
You are immune to poison.
You resist negative energy. (rN+)
You are resistant to electric shocks. (rElec)
You can survive without breathing.
You are immune to petrification.
You are immune to rotting.


Message History

You hit shakethe's ghost but do no damage.
Shakethe's ghost hits you.
You hit shakethe's ghost.
You destroy shakethe's ghost!
Your Axes skill increases to level 4!
You have reached level 5!
You regained 2 hp, and now have 16/32 hp.
MP restored: 5 You see here a dagger.
You start resting.
Health restored: 32
Found a stone staircase leading down.
A hornet zombie comes into view.
You block the hornet zombie's attack.
You slash the hornet zombie!
The hornet zombie hits you but does no damage.
You slash the hornet zombie!
The hornet zombie hits you but does no damage. x2
You hit the hornet zombie.
The hornet zombie hits you but does no damage.
The hornet zombie hits you.
You take 2 damage, and have 30/32 hp.
You closely miss the hornet zombie. You block the hornet zombie's attack.
You closely miss the hornet zombie. You block the hornet zombie's attack.
The hornet zombie hits you but does no damage.
You hit the hornet zombie. The hornet zombie hits you.
The hornet zombie hits you but does no damage.
You take 3 damage, and have 28/32 hp.
You closely miss the hornet zombie. The hornet zombie hits you!
The hornet zombie barely misses you.
You take 7 damage, and have 21/32 hp.
MASSIVE DAMAGE!!
You closely miss the hornet zombie. You block the hornet zombie's attack.
You barely miss the hornet zombie.
You block the hornet zombie's attack. x2
You slash the hornet zombie!
The hornet zombie hits you but does no damage.
You block the hornet zombie's attack.
You barely miss the hornet zombie.
The hornet zombie hits you but does no damage.
The hornet zombie hits you.
You take 6 damage, and have 15/32 hp.
You closely miss the hornet zombie.
The hornet zombie hits you but does no damage.
You block the hornet zombie's attack.
You closely miss the hornet zombie.
The hornet zombie hits you but does no damage. x2
Your plate armour prevents you from hitting the hornet zombie.
The hornet zombie hits you but does no damage.
The hornet zombie hits you.
You take 5 damage, and have 11/32 hp.
You hit the hornet zombie.
The hornet zombie hits you but does no damage.
Your shield and plate armour prevent you from hitting the hornet zombie.
The hornet zombie hits you.
The hornet zombie hits you but does no damage.
You take 1 damage, and have 10/32 hp.
You completely miss the hornet zombie.
The hornet zombie hits you but does no damage. x2
You are feeling hungry.
You slash the hornet zombie! The hornet zombie barely misses you.
The hornet zombie hits you but does no damage.
You hit the hornet zombie but do no damage.
The hornet zombie hits you but does no damage. x2
You hit the hornet zombie but do no damage.
The hornet zombie hits you but does no damage.
Your shield and plate armour prevent you from hitting the hornet zombie.
You block the hornet zombie's attack. The hornet zombie barely misses you.
Your shield prevents you from hitting the hornet zombie.
The hornet zombie hits you but does no damage. x2
You hit the hornet zombie but do no damage.
The hornet zombie hits you.
* * * LOW HITPOINT WARNING * * *
You block the hornet zombie's attack.
You take 5 damage, and have 6/32 hp.
Your shield and plate armour prevent you from hitting the hornet zombie.
The hornet zombie hits you but does no damage.
Your plate armour prevents you from hitting the hornet zombie.
The hornet zombie hits you but does no damage. x2
An adder comes into view.
The adder hisses angrily.
You hit the hornet zombie but do no damage.
The hornet zombie hits you.
* * * LOW HITPOINT WARNING * * *
The hornet zombie hits you but does no damage.
You take 4 damage, and have 2/32 hp.
You hit the hornet zombie but do no damage.
You block the hornet zombie's attack. x2
You hit the hornet zombie. You block the hornet zombie's attack.
The hornet zombie hits you but does no damage.
You slash the hornet zombie!
You destroy the hornet zombie!
You have reached level 6!
Your experience leads to an increase in your attributes!
Increase (S)trength, (I)ntelligence, or (D)exterity?
You feel clever. You block the adder's attack.
MP restored: 6
Okay, then.
The adder bites you.
You die...

#.#. #......... ##.#.
#......... ..#.
#......... ...
#......... .. #...>.....
#. #+# #.........
######.##.# #.........
#......S@.####.........
#.####.#.......#.[......
#.#...###.#.#####.##
#.#...# #.#.# #.....
#.#...# #.#.# #.....
#.#...###.#.# #.....
#.#.......#.# #.....
#.#...#####.# #.....
#.#.........# #.)...


You could see an adder.

Vanquished Creatures
  A hornet zombie (D:3)
  The ghost of shakethe the Skirmisher, a weakling GrFi (D:3)
  3 adders
  A gnoll (D:1)
  An ooze (D:1)
  3 worms (D:2)
  3 dart slugs
  6 bats
  4 giant cockroaches
  5 goblins
  5 hobgoblins
  2 jackals (D:2)
  3 ball pythons (D:2)
  4 frilled lizards
  6 kobolds
  5 rats
53 creatures vanquished.

Notes
Turn   | Place    | Note
-------+----------+-------------------------------------------
     0 | D:1      | shakethe the Gargoyle Fighter began the quest for the Orb.
     0 | D:1      | Reached XP level 1. HP: 14/14 MP: 1/1
   188 | D:1      | Reached skill level 2 in Axes
   244 | D:1      | Reached XP level 2. HP: 19/19 MP: 2/2
   537 | D:1      | Reached skill level 3 in Axes
   537 | D:1      | Reached XP level 3. HP: 23/23 MP: 3/3
   999 | D:2      | Found a white marble altar of Elyvilon.
  1113 | D:2      | Reached XP level 4. HP: 27/28 MP: 4/4
  1337 | D:2      | Found an ancient bone altar of Kikubaaqudgha.
  1341 | D:2      | Found a burning altar of Makhleb.
  1344 | D:2      | Found a basalt altar of Yredelemnul.
  1749 | D:3      | Found a stormy altar of Qazlal.
  1790 | D:3      | Reached skill level 4 in Armour
  1873 | D:3      | Noticed shakethe's ghost (weakling GrFi)
  1881 | D:3      | Killed shakethe's ghost
  1881 | D:3      | Reached skill level 4 in Axes
  1881 | D:3      | Reached XP level 5. HP: 16/32 MP: 5/5
  2106 | D:3      | HP: 6/32 [hornet zombie (5)]
  2109 | D:3      | HP: 2/32 [hornet zombie (5)]
  2112 | D:3      | Reached XP level 6. HP: 2/37 MP: 6/6
  2113 | D:3      | Slain by an adder

Skill      XL: |  1  2  3  4 |
---------------+-------------+-----
Axes           | 2 3 4 |  4.8
Armour         | 4 |  4.7
Fighting       | |  3.2
Shields        | |  3.2

Action                   |  1- 3 |  4- 6 || total
-------------------------+-------+-------++-------
Melee: War axe           |   112 |   149 ||   261
  Eat: Chunk             |       |     4 ||     4
Armor: Scale mail        |    41 |       ||    41
       Plate armour      |    33 |   126 ||   159
Dodge: Dodged            |    21 |    13 ||    34
Block: Shield            |    45 |    75 ||   120

Vault maps used:
D:1:      minmay_arrival_doors, kennysheep_decorative_pillar,
          serial_park_tiny_1, serial_bayou_ford_a, minivault_19
D:2:      lemuel_doored_altar, minmay_overflow_temple_star_quad
D:3:      marbit_many_paths, lemuel_crystal_altar

Table legend:
 A = Turns spent in this place as a percentage of turns spent in the entire game.
 B = Non-inter-level travel turns spent in this place as a percentage of non-inter-level travel turns spent in the entire game.
 C = Inter-level travel turns spent in this place as a percentage of turns spent in this place.
 D = Turns resting spent in this place as a percentage of non-inter-level travel turns spent in this place.
 E = Turns spent auto-exploring this place as a percentage of non-inter-level travel turns spent in this place.
 F = Non-inter-level travel turns spent in this place divided by the number of levels of this place that you've seen.
                   A       B       C       D       E      F
               +-------+-------+-------+-------+-------+----------------------
         Total | 100.0 | 100.0 |   0.0 |  13.2 |  59.6 | 704.3
       Dungeon | 100.0 | 100.0 |   0.0 |  13.2 |  59.6 | 704.3
               +-------+-------+-------+-------+-------+----------------------

Table legend:
 A = Kills in this place as a percentage of kills in entire the game.
 B = Kills by you in this place as a percentage of kills by you in the entire game.
 C = Kills by friends in this place as a percentage of kills by friends in the entire game.
 D = Other kills in this place as a percentage of other kills in the entire game.
 E = Experience gained in this place as a percentage of experience gained in the entire game.
 F = Experience gained in this place divided by the number of levels of this place that you have seen.
                   A       B       C       D       E      F
               +-------+-------+-------+-------+-------+----------------------
         Total | 100.0 | 100.0 |   N/A |   N/A | 100.0 | 112.3
       Dungeon | 100.0 | 100.0 |   N/A |   N/A | 100.0 | 112.3
               +-------+-------+-------+-------+-------+----------------------
